AoeStats
← fairmgmtllc

Nomad

503211684Analyzed
1v1 RM · 3mo ago on Aug 30, 2026· 20m 21s· 2 players
Game mode
Random Map
Map size
126×126
Population
200
Speed
Normal
Resources
Standard
Victory
Conquest
Starting age
Dark Age
Ending age
Imperial Age
RankedLock teamsTeams togetherTeam positionsShared explorationLock speedFull tech treeHidden civsTurbo modeCheats
Victory
Defeat
🇺🇸 Byzantines · United States
1182
+16
vs
🇩🇪 Berbers · Germany
1188
-16
fairmgmtllc
4:49 Loom
11:55 Feudal Age
12:33 Man-at-Arms
16:35 Scale Mail Armor
17:40 Forging
KuellerEgg
6:56 Loom
12:49 Feudal Age
16:56 Castle Age
17:41 Double-Bit Axe
Connection lost

Rejoining the realm…

Still unreachable

The connection could not be restored.

Session expired

The server has moved on; the page needs a fresh start.